 Dungeon Crawl Stone Soup version 0.28.0-47-ge53b351184 (webtiles) character file.

Game seed: 10777689081588307763

522 pkoi the Twirler (level 6, -8/78 HPs)
             Began as a Demigod Gladiator on May 9, 2022.
             Mangled by a gnoll sergeant
             ... wielding a +0 vorpal trident
              (13 damage)
             ... on level 4 of the Dungeon.
             The game lasted 00:05:08 (5283 turns).

pkoi the Twirler (Demigod Gladiator)                Turns: 5283, Time: 00:05:09

Health: -8/78      AC: 13    Str: 21    XL:     6   Next: 70%
Magic:  8/8        EV:  4    Int: 18    God:
Gold:   136        SH:  0    Dex: 15    Spells: 5/5 levels left

rFire   . . .      SeeInvis .   h - +1 short sword (venom)
rCold   . . .      Faith    .   (no shield)
rNeg    . . .      Spirit   .   i - +0 plate armour
rPois   .          Reflect  .   c - +0 helmet
rElec   .          Harm     .   k - +0 cloak
rCorr   .          Rampage  .   (no gloves)
Will    .....                   (no boots)
Stlth   ..........              (no amulet)
HPRegen 0.23/turn               l - +6 ring of strength
MPRegen 0.11/turn               (no ring)

@: berserking, constricted, very quick
A: high MP 1, forlorn, divine attributes
a: no special abilities


You were on level 4 of the Dungeon.
You visited 1 branch of the dungeon, and saw 4 of its levels.

You collected 136 gold pieces.

Inventory:

Hand Weapons
 a - a +0 quarterstaff of freezing
 h - a +1 short sword of venom (weapon)
Missiles
 d - 5 throwing nets (quivered)
Armour
 c - a +0 helmet (worn)
 i - a +0 plate armour (worn)
 k - a +0 cloak (worn)
Jewellery
 f - a ring of magical power
 l - a +6 ring of strength (left hand)
Scrolls
 b - a scroll of teleportation {unknown}
 e - 2 scrolls of identify
 j - 2 scrolls of enchant weapon {unknown}


   Skills:
 + Level 4.1 Fighting
 + Level 4.6 Staves
 - Level 1.7 Throwing
 + Level 3.5 Armour
 - Level 3.0 Dodging


You had 5 spell levels left.
You didn't know any spells.
Your spell library contained the following spells:

 Spells                   Type           Power      Damage    Failure   Level
 Frozen Ramparts          Ice            0%         1d2       100%        3
 Ice Form                 Ice/Tmut       0%         N/A       100%        4
 Summon Ice Beast         Ice/Summ       0%         N/A       100%        4


Dungeon Overview and Level Annotations

Branches:
Dungeon (4/15)
 Temple: D:4-7

Shops:
D:3 =


Innate Abilities, Weirdness & Mutations

You have an increased reservoir of magic. (+10% MP)
You shall have no god before yourself.
Your divine heritage dramatically boosts your attributes as you level up.


Message History

The gnoll sergeant is lightly wounded.
The gnoll sergeant hits you with a +0 vorpal trident!
* * * LOW HITPOINT WARNING * * *
x2 Unknown command.
The gnoll sergeant hits you from afar with a +0 vorpal trident.
* * * LOW HITPOINT WARNING * * *
x2 The gnoll sergeant hits you from afar with a +0 vorpal trident.
* * * LOW HITPOINT WARNING * * *
x2 The gnoll sergeant looks more healthy.
There is an open door here.
You see here a giant cockroach corpse.
You aren't carrying any items that you can evoke.
Unknown command.
The gnoll sergeant hits you but does no damage.
You barely miss the gnoll sergeant.
The gnoll sergeant is severely wounded.
The ball python bites you but does no damage.
The ball python grabs you. The ball python constricts you.
The gnoll sergeant hits you with a +0 vorpal trident!
* * * LOW HITPOINT WARNING * * *
x2 Unknown command.
The gnoll sergeant blocks your attack.
The gnoll sergeant is severely wounded.
The ball python bites you but does no damage.
The ball python constricts you. The ball python barely misses you.
The ball python constricts you.
Unknown command.
You hit the gnoll sergeant but do no damage.
The gnoll sergeant is severely wounded.
The ball python bites you but does no damage.
The ball python constricts you.
The gnoll sergeant hits you but does no damage.
The gnoll hits you with a +0 whip.
* * * LOW HITPOINT WARNING * * *
A red film seems to cover your vision as you go berserk!
You feel yourself moving faster!
You feel mighty! The ball python bites you.
* * * LOW HITPOINT WARNING * * *
The ball python constricts you.
The gnoll sergeant hits you with a +0 vorpal trident!
You die...

#...†.S..........'....#
#g###............######
#.# #............# #.#
############## #S# #.#
########### #####
##.###(........# #....
#.....gg.......# #....
#.....S@.......# #....
#..............# #....
#..............# #....
#..............# #....
#..............# ##.##
#..............# #.
#######.######## #. #
#.# #.# #.# #..


You could see a gnoll sergeant, a gnoll and a ball python.

Vanquished Creatures
  Sigmund (D:2)
  A scorpion (D:4)
  2 hounds (D:4)
  An orc priest (D:3)
  A gnoll shaman (D:4)
  Terence (D:3)
  5 gnolls (D:4)
  5 adders
  2 worms (D:3)
  A dart slug (D:4)
  4 orcs (D:3)
  10 bats
  7 endoplasms
  3 giant cockroaches
  7 goblins
  5 hobgoblins
  2 jackals (D:1)
  7 kobolds
  5 quokkas
  7 ball pythons
  2 frilled lizards
  4 rats
83 creatures vanquished.

Notes
Turn   | Place    | Note
-------+----------+-------------------------------------------
     0 | D:1      | pkoi the Demigod Gladiator began the quest for the Orb.
     0 | D:1      | Reached XP level 1. HP: 17/17 MP: 3/3
   389 | D:1      | Reached XP level 2. HP: 24/24 MP: 4/4
  1371 | D:1      | Reached skill level 1 in Armour
  2011 | D:1      | Reached XP level 3. HP: 20/30 MP: 5/5
  2386 | D:2      | Noticed Sigmund
  2412 | D:2      | Killed Sigmund
  2413 | D:2      | Reached XP level 4. HP: 6/38 MP: 6/6
  2413 | D:2      | Reached XP level 5. HP: 7/45 MP: 7/7
  3871 | D:3      | Noticed Terence
  3891 | D:3      | Killed Terence
  4165 | D:3      | Found Jeex Yxe's Jewellery Shoppe.
  4233 | D:3      | Reached XP level 6. HP: 51/51 MP: 8/8
  5283 | D:4      | Mangled by a gnoll sergeant

Illustrated notes

Levels and vault maps discovered:
D:1:      scummos_arrival_checkerplants, layout_basic
D:2:      layout_rooms, basic_altar, uniq_sigmund
D:3:      layout_basic, serial_shops, nicolae_shop_stone, uniq_terence
D:4:      layout_basic, hangedman_feature_mirror

Skill      XL: |  1  2  3  4  5  6 |
---------------+-------------------+-----
Fighting       | 2 3 4 |  4.1
Dodging        | 3 |  3.0
Staves         | 3 4 |  4.6
Armour         | 1 2 3 |  3.5
Throwing       | |  1.7

Action                   |  1- 3 |  4- 6 || total
-------------------------+-------+-------++-------
Melee: Quarterstaff      |    99 |       ||    99
       Short sword       |    15 |   173 ||   188
       Punch             |       |     1 ||     1
  Use: Scroll            |       |     5 ||     5
       Potion            |       |     4 ||     4
Armor: Leather armour    |    64 |       ||    64
       Plate armour      |       |   110 ||   110
Dodge: Dodged            |   156 |    50 ||   206
